 Dungeon Crawl Stone Soup version 0.14-a0-1097-gc7db7fc (webtiles) character file.

86 4tharraofdagon the Shield-Bearer (level 3, 0/27 HPs)
             Began as a Halfling Fighter on Nov 28, 2013.
             Succumbed to an adder's poison
             ... while paralysed by a potion of paralysis
             ... on Level 2 of the Dungeon.
             The game lasted 00:03:33 (653 turns).

4tharraofdagon the Shield-Bearer (Halfling Fighter)  Turns: 653, Time: 00:03:33

HP   0/27        AC  7     Str 14      XL: 3   Next: 57%
MP   2/2         EV  3     Int  8      God:
Gold 50          SH  0     Dex 15      Spells:  0 memorised,  2 levels left

rFire  . . .     SeeInvis .     a - +0 falchion
rCold  . . .     Clarity  .     b - +0 scale mail
rNeg   . . .     Conserve .     m - +0 shield
rPois  .         rCorr    .     p - +0 helmet
rElec  .         rRot     .     (no cloak)
SustAb . .       Spirit   .     (no gloves)
rMut   .         Warding  .     (no boots)
Saprov . . .     Stasis   .     (no amulet)
                                (no ring)
                                (no ring)

@: paralysed, flying, mildly poisoned, not resistant to hostile enchantments,
extremely unstealthy
A: talons 1, mutation resistance 1, slow metabolism 1
a: no special abilities


You were on level 2 of the Dungeon.
You were not hungry.

You visited 1 branch of the dungeon, and saw 2 of its levels.

You collected 50 gold pieces.

Inventory:

Hand weapons
 a - a +0,+0 falchion (weapon)
 t - a +1,+1 dwarven dagger
Armour
 b - a +0 scale mail (worn)
 c - a +0 buckler
 m - a +0 shield (worn)
 p - a +0 helmet (worn)
Comestibles
 d - a bread ration
 g - a choko
Scrolls
 f - a scroll of curse jewellery {unknown}
 h - a scroll of teleportation {unknown}
 j - 3 scrolls of identify {unknown}
 o - a scroll of curse weapon {unknown}
 q - a scroll of enchant weapon II {unknown}
Potions
 n - a potion of degeneration {unknown}
 r - a potion of heal wounds {unknown}


   Skills:
 + Level 3.0 Fighting
 * Level 2.6 Long Blades
 + Level 2.6 Armour
 + Level 1.4 Dodging
 + Level 3.3 Shields


You had 2 spell levels left.
You didn't know any spells.

Dungeon Overview and Level Annotations

Branches:
Dungeon (2/16)

Altars:


Innate Abilities, Weirdness & Mutations

You are small and have problems with some larger weapons.
You are somewhat resistant to further mutation.
You have a slow metabolism.
You have sharp toenails.


Message History

The adder poisons you! You block the adder's attack.
Drink which item? (? for menu, Esc to quit)
Your toenails lengthen and sharpen.
You feel fantastic!
It was a potion of beneficial mutation.
The adder completely misses you.
Drink which item? (? for menu, Esc to quit)
You feel very buoyant.
You fly up into the air.
It was a potion of flight.
The adder bites you.
* * * LOW HITPOINT WARNING * * *
You block the adder's attack.
Unknown command.
Drink which item? (? for menu, Esc to quit)
You feel refreshed.
It was a potion of restore abilities.
You block the adder's attack.
Unknown command.
Drink which item? (? for menu, Esc to quit)
You suddenly lose the ability to move!
It was a potion of paralysis.
The adder bites you.
* * * LOW HITPOINT WARNING * * *
You die...

### ..# #.# ########
#.# .......# #.#
.....#.# #.#
###..#.#####.#
....#....##.######
#.#######.......@S#
#.
#....##.###..)....#
#
.#.####.......####.#
###..#. #..####.#
.......####..# .#
### .........# .#
#######.....## .#
............#####.#
#######.%S.<......#


You could see an adder.

Vanquished Creatures
  An adder (D:2)
  2 ball pythons (D:2)
  2 hobgoblins
  A kobold (D:2)
  4 bats
  6 giant cockroaches
  A giant newt (D:1)
  4 goblins
  A quokka (D:2)
  5 rats
27 creatures vanquished.

Notes
Turn   | Place    | Note
--------------------------------------------------------------
     0 | D:1      | 4tharraofdagon, the Halfling Fighter, began the quest for the Orb.
     0 | D:1      | Reached XP level 1. HP: 16/16 MP: 0/0
     0 | D:1      | Rambo Baggins vol.1
   140 | D:1      | Reached XP level 2. HP: 21/21 MP: 1/1
   217 | D:2      | Reached skill level 1 in Dodging
   410 | D:2      | Reached XP level 3. HP: 11/27 MP: 2/2
   649 | D:2      | Gained mutation: You have sharp toenails. [potion of beneficial mutation]
   652 | D:2      | Paralysed by a potion of paralysis for 2 turns
   652 | D:2      | HP: 1/27 [adder (1)]
   653 | D:2      | Succumbed to an adder's poison

Action                   || total
-------------------------++-------
Melee: Falchion          ||    89
  Use: Potion            ||     4
